 Dungeon Crawl Stone Soup version 0.17.2-1-ge4368a0 (webtiles) character file.

1193 Goblin1989 the Spear-Bearer (level 8, 0/62 HPs)
             Began as a Demonspawn Wanderer on Aug 18, 2016.
             Was a Follower of Ru.
             Slain by an orc warrior
             ... wielding a +0 flail
              (12 damage)
             ... on level 7 of the Dungeon.
             The game lasted 00:14:26 (6154 turns).

Goblin1989 the Spear-Bearer (Demonspawn Wanderer)   Turns: 6154, Time: 00:14:26

Health: 0/62       AC: 15    Str: 15    XL:     8   Next: 20%
Magic:  8/8        EV:  7    Int: 11    God:    Ru [*.....]
Gold:   211        SH:  3    Dex: 15    Spells: 0 memorised, 7 levels left

rFire  + . .     SeeInvis .     y - +0 trident
rCold  + . .     Clarity  .     H - +0 plate armour
rNeg   . . .     SustAt   .     (no shield)
rPois  .         Gourm    .     C - +2 hat
rElec  .         Spirit   .     (no cloak)
rCorr  .         Warding  .     (no gloves)
rMut   .         Stasis   .     (no boots)
MR     +....                    (no amulet)
Stlth  ..........               e - +3 ring of evasion
                                D - ring of protection from fire

@: very slightly contaminated, invisible, somewhat resistant to hostile
enchantments, extremely unstealthy
A: hooves 2, large bone plates 2, cold resistance 1, magic resistance 1,
freezing cloud immunity, inexperienced 1
a: Renounce Religion


You were on level 7 of the Dungeon.
You worshipped Ru.
Ru was aware of your devotion.
You were very hungry.

You visited 1 branch of the dungeon, and saw 7 of its levels.

You collected 211 gold pieces.

Inventory:

Hand Weapons
 y - a +0 trident (weapon)
Missiles
 g - 5 tomahawks of dispersal (quivered)
Armour
 C - a +2 hat (worn)
 H - a +0 plate armour (worn)
Jewellery
 e - a +3 ring of evasion (right hand)
 D - a ring of protection from fire (left hand)
Wands
 a - a wand of flame (0)
 j - a wand of digging (7)
Scrolls
 b - 3 scrolls of remove curse {unknown}
 d - a scroll of amnesia {unknown}
 h - a scroll of identify
 i - 2 scrolls of random uselessness {unknown}
 m - a scroll of enchant armour {unknown}
 o - a scroll of magic mapping {unknown}
 r - 2 scrolls of teleportation {unknown}
 w - 2 scrolls of immolation {unknown}
 x - a scroll of fear {unknown}
 E - a scroll of recharging {unknown}
Potions
 c - 2 potions of curing
 q - a potion of mutation
 s - a potion of invisibility
 A - a potion of cure mutation
 F - a potion of might {unknown}
Comestibles
 f - 6 bread rations
 l - 4 meat rations
 z - a beef jerky


   Skills:
 * Level 5.3 Fighting
 + Level 10.6 Polearms
 - Level 1.0 Throwing
 * Level 1.5 Armour
 - Level 1.7 Stealth
 - Level 1.0 Evocations


You had 7 spell levels left.
You didn't know any spells.

Dungeon Overview and Level Annotations

Branches:
Dungeon (7/15)             Temple (0/1) D:5

Altars:
Elyvilon
Kikubaaqudgha
Makhleb
Qazlal
Ru
Vehumet
Zin

Annotations:
D:3 Goblin1989's ghost, amateur DsMo


Innate Abilities, Weirdness & Mutations

You have hoof-like feet.
You are mostly covered in large bone plates (AC +3, SH +3).
Your flesh is cold resistant.
You are immune to freezing clouds.
You are somewhat inexperienced (-2 XL).
You are resistant to hostile enchantments.


Message History

The orc warrior is severely wounded.
The orc warrior hits you with a flail.
* * * LOW HITPOINT WARNING * * *
You take 1 damage, and have 17/62 hp.
You closely miss the orc warrior.
The orc warrior is severely wounded.
The orc warrior hits you but does no damage.
You hit the orc warrior but do no damage.
You kick the orc warrior, but do no damage.
The orc warrior is severely wounded.
You strike the helpless orc warrior from behind!
You hit the orc warrior but do no damage.
The orc warrior is severely wounded.
The orc warrior hits you with a flail.
* * * LOW HITPOINT WARNING * * *
You take 6 damage, and have 12/62 hp.
You closely miss the orc warrior.
The orc warrior is severely wounded.
The orc warrior hits you with a flail!
You die...

#..# #..# #..#
#..# #.)# #.. ###
#.o# #.# #.. ##.#
#.# #.# #o# #.#
#.# #@#### #.# #.#
#....#######.# #.#
#............###.#
#.##.######.......
#.##.# ##.#####
#.##.# #.# #
#.##.# #.# #
#.##.# #.# #
#.##.# #.# #


You could see an orc warrior and an orc priest.

Vanquished Creatures
  A hippogriff (D:7)
  A black bear (D:6)
  A sky beast (D:7)
  2 slaves (D:5)
  5 ice beasts
  2 phantoms
  An ogre (D:4)
  A water moccasin zombie (D:5)
  A scorpion (D:4)
  4 crimson imps
  A quasit (D:6)
  A centaur skeleton (D:5)
  A jelly (D:5)
  Ijyb (D:2)
  4 hounds
  2 giant frog skeletons
  3 worker ants
  2 orc wizards (D:7)
  4 iguanas
  2 hound skeletons
  A hound zombie (D:6)
  8 adders
  4 shadow imps
  3 oozes
  4 worms
  3 adder skeletons
  17 orcs
  6 bats
  4 giant cockroaches
  7 hobgoblins
  11 jackals
  10 kobolds
  3 quokkas (D:2)
  3 ball pythons
  6 giant geckos
  A giant gecko skeleton (D:6)
  7 giant newts
  5 goblins
  3 rats (D:1)
146 creatures vanquished.

Vanquished Creatures (others)
  Pikel (D:5)
  2 slaves (D:5)
3 creatures vanquished.

Grand Total: 149 creatures vanquished

Notes
Turn   | Place    | Note
--------------------------------------------------------------
     0 | D:1      | Goblin1989 the Demonspawn Wanderer began the quest for the Orb.
     0 | D:1      | Goblin1989 set off with: a +2 spear, a potion of lignification, a potion of curing, a +0 robe, a +0 dagger, a bread ration
     0 | D:1      | Reached XP level 1. HP: 21/21 MP: 1/1
   121 | D:1      | Gained mutation: You have large cloven feet. [demonic ancestry]
   121 | D:1      | Reached XP level 2. HP: 18/27 MP: 2/2
   533 | D:1      | Gained mutation: You are partially covered in large bone plates (AC +2, SH +2). [demonic ancestry]
   533 | D:1      | Reached XP level 3. HP: 33/33 MP: 3/3
  1239 | D:2      | Reached XP level 4. HP: 39/39 MP: 4/4
  1533 | D:2      | Noticed Ijyb
  1544 | D:2      | Killed Ijyb
  1639 | D:2      | Gained mutation: You have hoof-like feet. [demonic ancestry]
  1639 | D:2      | Reached XP level 5. HP: 44/44 MP: 5/5
  2146 | D:3      | Noticed Goblin1989's ghost (amateur DsMo)
  2488 | D:3      | Found a glowing silver altar of Zin.
  2531 | D:4      | Noticed a phantom
  2559 | D:4      | Killed a phantom
  2559 | D:4      | Reached skill level 5 in Polearms
  2713 | D:4      | Gained mutation: Your flesh is cold resistant. [demonic ancestry]
  2713 | D:4      | Reached XP level 6. HP: 37/51 MP: 6/6
  3055 | D:4      | Reached skill level 6 in Polearms
  3161 | D:4      | Noticed an ogre
  3162 | D:4      | Found an ancient bone altar of Kikubaaqudgha.
  3178 | D:4      | Killed an ogre
  3353 | D:4      | Found a sacrificial altar of Ru.
  3361 | D:4      | Became a worshipper of Ru the Awakened
  3597 | D:4      | Found a burning altar of Makhleb.
  3597 | D:4      | Found a radiant altar of Vehumet.
  3609 | D:4      | Gained mutation: You are mostly covered in large bone plates (AC +3, SH +3). [demonic ancestry]
  3609 | D:4      | Reached XP level 7. HP: 42/56 MP: 7/7
  3712 | D:5      | Entered Level 5 of the Dungeon
  3772 | D:5      | Reached skill level 7 in Polearms
  4139 | D:5      | Noticed Pikel
  4219 | D:5      | Reached skill level 8 in Polearms
  4268 | D:5      | Killed Pikel
  4610 | D:5      | Found a staircase to the Ecumenical Temple.
  4702 | D:6      | Gained mutation: You are immune to freezing clouds. [demonic ancestry]
  4702 | D:6      | Reached XP level 8. HP: 26/62 MP: 8/8
  5030 | D:6      | Reached skill level 9 in Polearms
  5099 | D:6      | Gained mutation: You are somewhat inexperienced (-2 XL). [Ru sacrifice]
  5099 | D:6      | Reached XP level 7. HP: 56/56 MP: 7/7
  5099 | D:6      | Reached XP level 6. HP: 51/51 MP: 6/6
  5099 | D:6      | Reached * piety under Ru
  5420 | D:6      | Reached XP level 7. HP: 47/56 MP: 7/7
  5652 | D:7      | Found a stormy altar of Qazlal.
  5661 | D:7      | Found a white marble altar of Elyvilon.
  5671 | D:7      | Reached skill level 10 in Polearms
  5910 | D:6      | Gained mutation: You are resistant to hostile enchantments. [potion of beneficial mutation]
  6063 | D:7      | Reached XP level 8. HP: 55/62 MP: 8/8
  6074 | D:7      | Reached skill level 1 in Armour
  6154 | D:7      | Slain by an orc warrior

Action                   |  1- 3 |  4- 6 |  7- 9 || total
-------------------------+-------+-------+-------++-------
Melee: Spear             |   115 |   212 |       ||   327
       Trident           |       |    53 |   437 ||   490
Invok: Sacrifice Experie |       |     1 |       ||     1
  Use: Potion            |       |     1 |     5 ||     6
       Scroll            |       |       |     9 ||     9
 Stab: Sleeping          |     5 |       |       ||     5
       Distracted        |       |       |     1 ||     1
       Invisible         |       |       |     1 ||     1
  Eat: Chunk             |     1 |     6 |     3 ||    10
       Beef jerky        |       |     1 |       ||     1
       Meat ration       |       |       |     1 ||     1
